 Dungeon Crawl Stone Soup version 0.30-b1-2-g02819fbbbe (webtiles) character file.

Game seed: 6569734507792580698

107 doot the Cudgeller (level 4, 0/38 HPs)
             Began as a Gnoll Reaver on Aug 24, 2023.
             Slain by a gnoll
             ... wielding a +0 spear
              (3 damage)
             ... on level 3 of the Dungeon.
             The game lasted 00:04:20 (2523 turns).

doot the Cudgeller (Gnoll Reaver)                   Turns: 2523, Time: 00:04:21

Health: 0/38       AC:  5    Str: 19    XL:     4   Next: 85%
Magic:  11/11      EV: 12    Int: 12    God:
Gold:   115        SH:  3    Dex: 11    Spells: 11/13 levels left

rFire   . . .        m - +0 war axe
rCold   . . .        q - +0 buckler
rNeg    . . .        b - +0 leather armour
rPois   .            g - +0 helmet
rElec   .            (no cloak)
rCorr   .            d - +0 pair of gloves
SInv    .            (no boots)
Will    .....        (no amulet)
Stlth   +            h - +6 ring of strength
HPRegen 0.26/turn    (no ring)
MPRegen 0.12/turn

%: no passive effects
@: about to teleport, flying
A: fangs 1, strong nose, distributed training
a: no special abilities


You were on level 3 of the Dungeon.
You visited 1 branch of the dungeon, and saw 3 of its levels.

You collected 115 gold pieces.

Inventory:

Hand Weapons
 a - a +0 mace
 m - a +0 war axe (weapon)
Missiles
 o - 2 javelins
Armour
 b - a +0 leather armour (worn)
 d - a +0 pair of gloves (worn)
 g - a +0 helmet (worn)
 q - a +0 buckler (worn)
Jewellery
 h - a +6 ring of strength (left hand)
Scrolls
 f - 2 scrolls of teleportation
 p - a scroll of amnesia {unknown}
 r - a scroll of magic mapping {unknown}
 s - 3 scrolls of identify {unknown}
Potions
 c - a potion of heal wounds {unknown}
 e - a potion of invisibility {unknown}
 i - a potion of flight
 j - a potion of brilliance {unknown}
 k - a potion of curing {unknown}
 l - a potion of cancellation {unknown}
 n - a potion of berserk rage {unknown}


   Skills:
 + Level 4.7 Fighting
 + Level 1.3 Short Blades
 + Level 1.3 Long Blades
 + Level 1.3 Axes
 + Level 6.6 Maces & Flails
 + Level 1.3 Polearms
 + Level 1.3 Staves
 + Level 1.3 Ranged Weapons
 + Level 1.3 Throwing
 + Level 1.3 Armour
 + Level 4.7 Dodging
 + Level 1.3 Stealth
 + Level 1.3 Shields
 + Level 1.3 Unarmed Combat
 + Level 5.1 Spellcasting
 + Level 5.5 Conjurations
 + Level 1.0 Hexes
 + Level 1.0 Summonings
 + Level 1.0 Necromancy
 + Level 1.0 Translocations
 + Level 1.0 Transmutations
 + Level 1.0 Fire Magic
 + Level 1.0 Ice Magic
 + Level 1.0 Air Magic
 + Level 1.0 Earth Magic
 + Level 1.0 Poison Magic
 + Level 1.4 Invocations
 + Level 1.3 Evocations


You had 11 spell levels left.
You knew the following spells:

 Your Spells              Type           Power      Damage    Failure   Level
a - Kiss of Death         Conj/Necr      44%        2d8       8%          1
b - Necrotise             Necr           20%        1d5       19%         1

Your spell library contained the following spells:

 Spells                   Type           Power      Damage    Failure   Level
 Momentum Strike          Conj/Tloc      22%        3d8       12%         2
 Summon Small Mammal      Summ           20%        N/A       19%         1
 Hailstorm                Conj/Ice       11%        3d5       22%         3
 Call Canine Familiar     Summ           5%         N/A       50%         3
 Summon Guardian Golem    Hex/Summ       5%         N/A       50%         3
 Vampiric Draining        Necr           5%         2d6       50%         3
 Agony                    Necr           5%         N/A       99%         5


Dungeon Overview and Level Annotations

Branches:
Dungeon (3/15)

Altars:


Innate Abilities, Weirdness & Mutations

You have very sharp teeth.
Your uncanny sense of smell can sniff out nearby items.
Your experience applies equally to all skills.


Message History

You kill the orc!
You hear an angry hiss.
An orc comes into view.
It is wielding a +0 club and wearing a +0 leather armour of poison resistance.
A ball python comes into view.
The orc shouts!
The ball python hisses angrily.
You hear an angry hiss.
The gnoll hits you but does no damage.
The gnoll hits you from afar with a +0 spear.
The gnoll hits you but does no damage.
The ball python moves out of view.
Items here: )) ††.
You slash the gnoll!
The gnoll is severely wounded.
You hit the gnoll. You block the gnoll's attack. The gnoll closely misses you.
The gnoll misses you. The gnoll hits you but does no damage.
You hit the gnoll but do no damage. Your bite misses the gnoll.
The gnoll is severely wounded.
You barely miss the gnoll.
The gnoll hits you from afar with a +0 spear.
The gnoll hits you from afar with a +0 spear!
The gnoll misses you. The gnoll closely misses you.
The gnoll barely misses you. x2; The gnoll closely misses you.
The gnoll barely misses you.
You hit the gnoll.
The gnoll is almost dead.
You closely miss the gnoll.
The gnoll hits you from afar with a +0 spear. x2
* * * LOW HITPOINT WARNING * * *
The gnoll closely misses you. The gnoll hits you with a +0 club.
* * * LOW HITPOINT WARNING * * *
As you read the scroll labelled NEUSUY BIOLE, it crumbles to dust.
You feel strangely unstable.
It was a scroll of teleportation.
The gnoll hits you from afar with a +0 spear.
* * * LOW HITPOINT WARNING * * *
The gnoll hits you from afar with a +0 spear.
* * * LOW HITPOINT WARNING * * *
The gnoll misses you. You block the gnoll's attack.
It was a potion of flight.
You feel very buoyant.
You fly up into the air.
The gnoll hits you from afar with a +0 spear.
You die...

###.##......
#.g?.#oo....
#....o......
#g...#......
#....# #####
#....# #....#
#####g...#
#.g@gg...#
#.###oS..###
#..........#
#..........#
#.^........#
#..........#
.####..........#
...............#
###..........#


You could see 4 gnolls, an orc and a ball python.

Vanquished Creatures
  5 gnolls
  An adder (D:2)
  2 dart slugs
  2 orcs (D:3)
  2 ball pythons (D:2)
  5 bats (D:1)
  3 endoplasms
  5 giant cockroaches
  A goblin (D:1)
  6 hobgoblins
  2 jackals (D:1)
  4 kobolds
  2 quokkas
  A rat (D:2)
41 creatures vanquished.

Notes
Turn   | Place    | Note
-------+----------+-------------------------------------------
     0 | D:1      | doot the Gnoll Reaver began the quest for the Orb.
     0 | D:1      | Reached XP level 1. HP: 20/20 MP: 6/6
   131 | D:1      | Reached XP level 2. HP: 26/26 MP: 7/7
   390 | D:1      | Reached skill level 5 in Spellcasting
   390 | D:1      | Reached XP level 3. HP: 27/31 MP: 7/9
   628 | D:1      | Found a faded altar of an unknown god.
   950 | D:1      | Reached skill level 1 in Invocations
  1096 | D:1      | Reached skill level 1 in Short Blades
  1096 | D:1      | Reached skill level 1 in Long Blades
  1096 | D:1      | Reached skill level 1 in Axes
  1096 | D:1      | Reached skill level 1 in Polearms
  1096 | D:1      | Reached skill level 1 in Staves
  1096 | D:1      | Reached skill level 1 in Ranged Weapons
  1096 | D:1      | Reached skill level 1 in Throwing
  1096 | D:1      | Reached skill level 1 in Armour
  1096 | D:1      | Reached skill level 1 in Stealth
  1096 | D:1      | Reached skill level 1 in Shields
  1096 | D:1      | Reached skill level 1 in Unarmed Combat
  1096 | D:1      | Reached skill level 1 in Evocations
  1123 | D:1      | Reached XP level 4. HP: 18/38 MP: 11/11
  1559 | D:2      | Reached skill level 1 in Hexes
  1559 | D:2      | Reached skill level 1 in Summonings
  1559 | D:2      | Reached skill level 1 in Necromancy
  1559 | D:2      | Reached skill level 1 in Translocations
  1559 | D:2      | Reached skill level 1 in Transmutations
  1559 | D:2      | Reached skill level 1 in Fire Magic
  1559 | D:2      | Reached skill level 1 in Ice Magic
  1559 | D:2      | Reached skill level 1 in Air Magic
  1559 | D:2      | Reached skill level 1 in Earth Magic
  1559 | D:2      | Reached skill level 1 in Poison Magic
  1613 | D:2      | Learned a level 1 spell: Necrotise
  2523 | D:3      | Slain by a gnoll

Illustrated notes

Levels and vault maps discovered:
D:1:      minmay_arrival_nine_rooms, layout_basic,
          shapermc_ecumenical_altar_ellora
D:2:      layout_basic, minmay_hexomino_f4
D:3:      layout_basic, gup_sewer_entry_bubbles

Skill      XL: |  1  2  3  4 |
---------------+-------------+-----
Spellcasting   | 5 |  5.1
Invocations    | 1 |  1.4
Short Blades   | 1 |  1.3
Long Blades    | 1 |  1.3
Axes           | 1 |  1.3
Polearms       | 1 |  1.3
Staves         | 1 |  1.3
Ranged Weapons | 1 |  1.3
Throwing       | 1 |  1.3
Armour         | 1 |  1.3
Stealth        | 1 |  1.3
Shields        | 1 |  1.3
Unarmed Combat | 1 |  1.3
Evocations     | 1 |  1.3
Hexes          | 1 |  1.0
Summonings     | 1 |  1.0
Necromancy     | 1 |  1.0
Translocations | 1 |  1.0
Transmutations | 1 |  1.0
Fire Magic     | 1 |  1.0
Ice Magic      | 1 |  1.0
Air Magic      | 1 |  1.0
Earth Magic    | 1 |  1.0
Poison Magic   | 1 |  1.0
Fighting       | |  4.7
Maces & Flails | |  6.6
Dodging        | |  4.7
Conjurations   | |  5.5

Action                     |  1- 3 |  4- 6 || total
---------------------------+-------+-------++-------
  Melee: Mace              |    61 |    19 ||    80
         Bite              |     5 |     3 ||     8
         War axe           |       |    40 ||    40
   Cast: Kiss of Death     |     1 |       ||     1
         Necrotise         |       |    10 ||    10
    Use: Scroll            |       |     1 ||     1
         Potion            |       |     1 ||     1
   Stab: Sleeping          |     1 |       ||     1
 Armour: Leather armour    |    20 |    29 ||    49
  Dodge: Dodged            |    40 |    45 ||    85
  Block: Buckler           |       |     8 ||     8
